 Dungeon Crawl Stone Soup version 0.29.1-15-g9cfb28693d (webtiles) character file.

Game seed: 17742267053934009775

189 safid the Chiller (level 5, -3/41 HPs)
             Began as a Merfolk Ice Elementalist on Apr 10, 2023.
             Killed by nerve-wracking pain
             ... invoked by Grinder
              (12 damage)
             ... on level 3 of the Dungeon.
             The game lasted 00:05:33 (3627 turns).

safid the Chiller (Merfolk Ice Elementalist)        Turns: 3627, Time: 00:05:34

Health: -3/41      AC:  2    Str:  8    XL:     5   Next: 68%
Magic:  4/10       EV: 12    Int: 16    God:
Gold:   93         SH:  0    Dex: 15    Spells: 3/10 levels left

rFire   . . .      SeeInvis .   c - +0 dagger
rCold   . . .      Faith    .   (no shield)
rNeg    . . .      Spirit   .   a - +0 robe
rPois   .          Reflect  .   (no helmet)
rElec   .          Harm     .   (no cloak)
rCorr   .          Rampage  .   (no gloves)
Will    .....                   (no boots)
Stlth   ++........              (no amulet)
HPRegen 0.13/turn               (no ring)
MPRegen 0.12/turn               (no ring)

@: no status effects
A: (nimble swimmer 2), mertail
a: no special abilities


You were on level 3 of the Dungeon.
You visited 1 branch of the dungeon, and saw 3 of its levels.

You collected 93 gold pieces.

Inventory:

Hand Weapons
 c - a +0 dagger (weapon)
Armour
 a - a +0 robe (worn)
Wands
 n - a wand of flame (27)
Scrolls
 d - a scroll of amnesia {unknown}
 e - a scroll of teleportation {unknown}
 f - a scroll of blinking {unknown}
 h - 2 scrolls of noise {unknown}
 i - 3 scrolls of identify {unknown}
 l - a scroll of enchant weapon {unknown}
 m - a scroll of enchant armour {unknown}
Potions
 b - a potion of magic
 g - 2 potions of lignification {unknown}
 j - 2 potions of curing {unknown}
 k - a potion of heal wounds {unknown}
 o - a potion of invisibility {unknown}
 p - a potion of might {unknown}


   Skills:
 + Level 3.1 Fighting
 - Level 2.6 Dodging
 - Level 2.1 Stealth
 + Level 3.3 Spellcasting
 + Level 5.5 Ice Magic


You had 3 spell levels left.
You knew the following spells:

 Your Spells              Type           Power      Damage    Failure   Level
a - Freeze                Ice            80%        1d9       1%          1
b - Frozen Ramparts       Ice            40%        1d7       5%          3
c - Ozocubu's Armour      Ice            20%        N/A       5%          3

Your spell library contained the following spells:

 Spells                   Type           Power      Damage    Failure   Level
 Hailstorm                Conj/Ice       11%        3d5       50%         4


Dungeon Overview and Level Annotations

Branches:
Dungeon (3/15)

Altars:
Makhleb

Annotations:
D:3 Grinder


Innate Abilities, Weirdness & Mutations

((You are very nimble when in or above water. (Stealth+, EV+, Speed+++)))
Your lower body shifts to a powerful aquatic tail in water.


Message History

Unknown command.
You hit Grinder but do no damage.
The wall freezes Grinder but does no damage.
Grinder hits you but does no damage.
Unknown command.
You hit Grinder.
Grinder is lightly wounded.
The frozen ramparts melt away.
Grinder gestures at you.
You barely resist.
Unknown command.
Casting: Ozocubu's Armour (dangerous; 5% risk of failure)
Confirm with . or Enter, or press ? or * to list all spells.
Casting: Frozen Ramparts (dangerous; 5% risk of failure)
Press: ? - help, Dir - look around, f - activate The walls around you are covered in ice.
Grinder completely resists.
The wall freezes Grinder but does no damage.
Grinder blinks!
Casting: Frozen Ramparts (dangerous; 5% risk of failure)
Confirm with . or Enter, or press ? or * to list all spells.
You don't have enough magic to cast this spell.
Unknown command.
Press: ? - help, v - describe, . - travel
Here: Grinder (lightly wounded)
The floor.
Your icy armour and frozen ramparts will break if you move.
Continue?
Your icy armour cracks and falls away as you move.
The frozen ramparts melt away as you move.
Grinder gestures at you.
You barely resist.
Grinder says, "FISH!"
Grinder blinks!
Grinder attacks as you move away! Grinder hits you.
* * * LOW HITPOINT WARNING * * *
You writhe in agony.
* * * LOW HITPOINT WARNING * * *
Grinder gestures at you. Pain shoots through your body!
You die...

###†####..#.#........#
.......#..##.......#.#
#...<..#..#####...##.# .##
#.#.#..#..# #......# ...
#.#.......# #...#### #.#
.....#...## #...# #.# #.##...###
#...# #.# #
#.###.#########...#########.##.#
......###.......@.5...........#
.#......................###.##...
......###)..............# #.#
.........######...####### #.#
...).....# #...# #5## .........#
#...# #..# ###...#### #...# ##.#
# #...# ..... #.# ## ###...#
....... #.###.


You could see Grinder.

Vanquished Creatures
  2 orc priests (D:3)
  An orc wizard (D:3)
  5 adders
  A worm (D:2)
  2 orcs (D:3)
  4 endoplasms (D:2)
  5 giant cockroaches
  11 goblins
  4 hobgoblins
  2 quokkas
  2 ball pythons
  2 bats (D:2)
  9 frilled lizards
  6 kobolds
  7 rats
63 creatures vanquished.

Notes
Turn   | Place    | Note
-------+----------+-------------------------------------------
     0 | D:1      | safid the Merfolk Ice Elementalist began the quest for the
                  | Orb.
     0 | D:1      | Reached XP level 1. HP: 13/13 MP: 3/3
   543 | D:1      | Reached XP level 2. HP: 16/20 MP: 3/5
   548 | D:1      | Reached skill level 1 in Fighting
   965 | D:1      | Found a faded altar of an unknown god.
  1354 | D:2      | Reached XP level 3. HP: 17/26 MP: 1/6
  1818 | D:2      | Reached skill level 5 in Ice Magic
  1920 | D:2      | Reached XP level 4. HP: 29/33 MP: 8/8
  2182 | D:2      | Found a burning altar of Makhleb.
  2666 | D:2      | Learned a level 3 spell: Frozen Ramparts
  2670 | D:2      | Learned a level 3 spell: Ozocubu's Armour
  3106 | D:3      | Reached XP level 5. HP: 16/39 MP: 4/9
  3574 | D:3      | Noticed Grinder
  3576 | D:3      | Paralysed by Grinder for 4 turns
  3586 | D:3      | Paralysed by Grinder for 2 turns
  3627 | D:3      | Killed from afar by Grinder

Illustrated notes

Levels and vault maps discovered:
D:1:      minmay_arrival_cross, layout_basic,
          shapermc_ecumenical_altar_notcrosses
D:2:      kennysheep_the_goblin_king, layout_basic, basic_altar
D:3:      layout_loops_cross, palyth_stone_intersect, uniq_grinder

Skill      XL: |  1  2  3  4  5 |
---------------+----------------+-----
Fighting       | 1 2 3 |  3.1
Ice Magic      | 5 |  5.5
Spellcasting   | 3 |  3.3
Dodging        | |  2.6
Stealth        | |  2.1

Action                   |  1- 3 |  4- 6 || total
-------------------------+-------+-------++-------
Melee: Dagger            |    45 |    44 ||    89
       Punch             |       |     1 ||     1
 Cast: Freeze            |    33 |    41 ||    74
       Frozen Ramparts   |       |     5 ||     5
       Ozocubu's Armour  |       |     2 ||     2
 Stab: Sleeping          |     4 |       ||     4
Armor: Robe              |    11 |    14 ||    25
Dodge: Dodged            |    25 |    31 ||    56
